 Dungeon Crawl Stone Soup version 0.21-a0-529-g8c7b3f5 (webtiles) character file.

29 slep the Chopper (level 3, 0/18 HPs)
             Began as a Vine Stalker Gladiator on Dec 10, 2017.
             Slain by a leopard gecko (2 damage)
             ... on level 1 of the Dungeon.
             The game lasted 00:02:09 (520 turns).

slep the Chopper (Vine Stalker Gladiator)            Turns: 520, Time: 00:02:10

Health: 0/18       AC:  4    Str: 16    XL:     3   Next: 16%
Magic:  0/4        EV: 13    Int:  8    God:
Gold:   21         SH:  0    Dex: 16    Spells: 2/2 levels left

rFire    . . .     SeeInvis .   a - +0 war axe
rCold    . . .     Gourm    .   (no shield)
rNeg     . . .     Faith    .   b - +0 leather armour
rPois    .         Spirit   +   c - +0 helmet
rElec    .         Reflect  .   (no cloak)
rCorr    .         Harm     .   (no gloves)
MR       .....                  (no boots)
Stlth    +.........             l - amulet of inaccuracy (curse)
HPRegen  0.06/turn              (no ring)
MPRegen  0.09/turn              (no ring)

@: no status effects
A: fangs 2, magic shield, antimagic bite, no potion heal 3, rot immunity
a: no special abilities


You were on level 1 of the Dungeon.
You were not hungry.

You visited 1 branch of the dungeon, and saw 1 of its levels.

You collected 21 gold pieces.

Inventory:

Hand Weapons
 a - a +0 war axe (weapon)
 g - a cursed +0 hunting sling
 h - a cursed -1 hunting sling
Missiles
 d - 3 throwing nets (quivered)
Armour
 b - a +0 leather armour (worn)
 c - a +0 helmet (worn)
Jewellery
 l - a cursed amulet of inaccuracy (around neck)
Scrolls
 e - a scroll of enchant armour {unknown}
 i - a scroll of noise {unknown}
 j - a scroll of identify {unknown}
Comestibles
 f - a bread ration
 k - a meat ration


   Skills:
 + Level 1.8 Fighting
 + Level 3.2 Axes
 + Level 2.0 Throwing
 + Level 2.8 Dodging


You had 2 spell levels left.
You didn't know any spells.

Dungeon Overview and Level Annotations

Branches:
Dungeon (1/15)

Altars:


Innate Abilities, Weirdness & Mutations

You have extremely sharp teeth.
When hurt, damage is shared between your health and your magic reserves.
Your bite disrupts and absorbs the magic of your enemies.
Potions cannot restore your health.
You are immune to rotting.


Message History

The jackal closely misses you. x2; The leopard gecko barely misses you.
The jackal barely misses you.
Unknown command.
You barely miss the jackal. Your bite misses the jackal.
The jackal is moderately wounded.
You miss the leopard gecko. You miss the jackal. The jackal bites you.
The leopard gecko bites you.
* * * LOW HITPOINT WARNING * * *
The jackal barely misses you. The jackal bites you.
* * * LOW HITPOINT WARNING * * *
The leopard gecko misses you.
You slash the jackal!
You kill the jackal!
You miss the leopard gecko. You barely miss the jackal.
The jackal closely misses you.
The leopard gecko bites you but does no damage.
The jackal bites you but does no damage.
You miss the leopard gecko. Your bite misses the leopard gecko.
You barely miss the jackal. The leopard gecko bites you.
You die...

#.....# #.....# #.....#
#.....# ### .. #.....# #..
... #.....# #.# #####
...######l†h..###.#.# #....
........#.@.......#.# #....
........#.....#####.# #...⌠
........#.....# #.# ##...
........##.#### #.#######
........##.# #.#....##
##.........########.#.##...
#########.............#...
#.########.#..#... #.#
#.#..#.#.


You could see a leopard gecko and a jackal.

Vanquished Creatures
  2 bats (D:1)
  A giant cockroach (D:1)
  3 goblins (D:1)
  4 hobgoblins (D:1)
  6 jackals (D:1)
  3 kobolds (D:1)
  2 frilled lizards (D:1)
  3 rats (D:1)
24 creatures vanquished.

Notes
Turn   | Place    | Note
-------+----------+-------------------------------------------
     0 | D:1      | slep the Vine Stalker Gladiator began the quest for the Orb.
     0 | D:1      | Reached XP level 1. HP: 11/11 MP: 2/2
    99 | D:1      | Reached XP level 2. HP: 11/15 MP: 3/3
   104 | D:1      | Reached skill level 3 in Axes
   361 | D:1      | Reached XP level 3. HP: 11/18 MP: 2/4
   520 | D:1      | Slain by a leopard gecko

Vault maps used:
D:1:      giann_wishing_wells

Skill      XL: |  1  2 |
---------------+-------+-----
Axes           | 3 |  3.2
Throwing       | 2 |  2.0
Fighting       | |  1.8
Dodging        | |  2.8

Action                   || total
-------------------------++-------
Melee: War axe           ||    60
       Bite              ||     5
Armor: Leather armour    ||    31
Dodge: Dodged            ||    73

Table legend:
 A = Spawn XP
 B = Non-spawn XP
 C = Spawn XP percentage of total XP
 D = Spawn monster count
 E = Non-spawn monster count
 F = Spawn count percentage of total count
 G = Total turns spent on level
                    A         B        C        D         E        F      G
               +---------+---------+-------+---------+---------+-------+---------
         Total |       0 |      42 |   0.0 |       0 |      24 |   0.0 |   520
               +---------+---------+-------+---------+---------+-------+---------
           D:1 |       0 |      42 |   0.0 |       0 |      24 |   0.0 |   520
               +---------+---------+-------+---------+---------+-------+---------
